 Dungeon Crawl Stone Soup version 0.32-a0-411-g744942f433 (webtiles) character file.

Game seed: 16397082482196603930

4039 cforsyth the Carver (level 10, -1/82 HPs)
             Began as a Coglin Gladiator on Feb 21, 2024.
             Was a Believer of Wu Jian.
             Killed from afar by a steam dragon (12 damage)
             ... with a ball of steam
             ... on level 9 of the Dungeon.
             The game lasted 00:11:44 (7682 turns).

cforsyth the Carver (Coglin Gladiator)              Turns: 7682, Time: 00:11:44

Health: -1/82      AC:  7    Str: 14    XL:     10   Next: 24%
Magic:  0/10       EV: 10    Int:  7    God:    Wu Jian [**....]
Gold:   221        SH:  0    Dex: 21    Spells: 9/9 levels left

rFire   . . .        a - +1 long sword {Gerda}
rCold   . . .        u - +2 rapier (drain) {Ishleen}
rNeg    + . .        o - +2 scale mail {rN+}
rPois   +            c - +0 helmet
rElec   .            (no cloak)
rCorr   .            (no gloves)
SInv    .            (no boots)
Will    .....        q - amulet of guardian spirit Stlth
                     L - ring of flight
HPRegen 0.33/turn    P - ring of poison resistance
MPRegen 0.12/turn

%: guardian spirit
@: lethally poisoned (-1 -> -5), corroded, flying, revved
A: off-hand wielding, slow wielding, warmup strikes, legs shutdown
a: Renounce Religion, Wall Jump


You were on level 9 of the Dungeon.
You worshipped Wu Jian.
Wu Jian was pleased with you.
You visited 2 branches of the dungeon, and saw 10 of its levels.

You collected 468 gold pieces.
You spent 247 gold pieces at shops.


Innate Abilities, Weirdness & Mutations

You can wield a second weapon in your off-hand.
It takes a long time for you to wield or remove held weapons.
Your first few attacks do less damage.
Attacking and casting redirects power from your legs.


   Skills:
 + Level 8.8 Fighting
 + Level 8.9 Long Blades
 - Level 1.7 Throwing
 + Level 7.5 Armour
 - Level 2.6 Dodging


You had 9 spell levels left.
You didn't know any spells.
Your spell library contained the following spells:

 Spells                   Type           Power      Damage    Failure   Level
 Apportation              Tloc           0%         N/A       86%         1
 Jinxbite                 Hex            0%         N/A       94%         2
 Alistair's Intoxication  Alch           0%         N/A       100%        5

Inventory:

Hand Weapons
 a - a +1 long sword (weapon) {Gerda}
 u - a +2 rapier of draining (offhand) {Ishleen}
 z - the +1 dagger of Ignis's Generosity {spect, rElec rF+ Dex+2 Stlth+}
   (You bought it in a shop on level 5 of the Dungeon)

   Dex+2:     It affects your dexterity (+2).
   rF+:       It protects you from fire.
   rElec:     It insulates you from electricity.
   Stlth+:    It makes you more stealthy.
Missiles
 d - 4 throwing nets (quivered) {=f}
 e - a javelin
Armour
 c - a +0 helmet (worn)
 f - a scarf of shadows
 o - a +2 scale mail of positive energy (worn)
 C - a scarf of harm
 N - a +0 pair of gloves
Magical Staves
 i - a staff of cold {!a}
Jewellery
 q - an amulet of guardian spirit (around neck)
 L - a ring of flight (left grasper)
 P - a ring of poison resistance (right grasper)
 Z - a ring of wizardry
Wands
 r - a wand of iceblast (4)
 B - a wand of light (11)
 G - a wand of flame (27)
Scrolls
 b - 2 scrolls of enchant armour {unknown}
 k - 2 scrolls of fog {unknown}
 n - 3 scrolls of enchant weapon
 s - 2 scrolls of immolation
 w - 2 scrolls of teleportation {unknown}
 y - 3 scrolls of revelation {unknown}
 D - 2 scrolls of poison {unknown}
 E - a scroll of amnesia {unknown}
 J - a scroll of fear {unknown}
 K - a scroll of acquirement {unknown}
 M - a scroll of blinking {unknown}
Potions
 g - 4 potions of magic
 j - a potion of degeneration {unknown}
 l - a potion of might
 m - 5 potions of curing {@q1}
 p - 2 potions of enlightenment
 v - 4 potions of attraction
 x - a potion of resistance {unknown}
 A - a potion of cancellation
 F - a potion of haste {@q3}
 H - 2 potions of heal wounds {@q2}

Dungeon Overview and Level Annotations

Branches:
Dungeon (9/15)             Temple (1/1) D:5
   Lair: D:8-11         Orc: D:9-12

Altars:
Ashenzari
Cheibriados
Dithmenos
Fedhas
Gozag
Hepliaklqana
Kikubaaqudgha
Makhleb
Nemelex Xobeh
Okawaru
Qazlal
Ru
Sif Muna
Trog
Uskayaw
Vehumet
Wu Jian
Xom
Yredelemnul
Lugonu

Shops:
D:5 =(!(   D:7 *

Annotations:
D:6 2 transporters, superpeng's ghost, weakling FoDe

#...P..PPP.....
#.P..PPPP..P...
#..P...)...... .
...P.........
..####......##+#####
#..<.......y........
#.........Szz.§.§...
#.......)zDyDy§§§...
#.......z.h§@.....$.
#..........y.y......
#..########.........
#>....#...#.........
#.....#...#.........
#..........#+#######
#..###.###........ #
#.# #.+......
#..###'###.#......


You could see a steam dragon (inner flame, catching breath, drained, ally
target), a water moccasin (inner flame, very drained), a black bear (inner
flame, drained), an acid dragon (inner flame, ally target), 2 friendly hornets,
3 friendly killer bees and 4 friendly wights.


Message History

The steam dragon closely misses you. The black bear bites you.
* * * LOW HITPOINT WARNING * * *
The black bear claws you but does no damage. x2
The water moccasin bites you.
* * * LOW HITPOINT WARNING * * *
Unknown command.
Unknown command.
As you read the scroll of summoning, it crumbles to dust.
Wisps of shadow whirl around you...
You feel sick.
You are no longer poisoned.
The water moccasin bites you.
* * * LOW HITPOINT WARNING * * *
You are poisoned.
The water moccasin poisons you! The steam dragon barely misses you.
The steam dragon claws you but does no damage.
The black bear barely misses you. x2; The black bear misses you.
The acid dragon closely misses you.
The acid dragon claws you but does no damage.
Unknown command.
Unknown command.
Unknown command.
Unknown command.
You spin and attack the acid dragon.
You hit the acid dragon but do no damage. x2
You feel sick.
The water moccasin bites your hornet but does no damage.
Your killer bee stings the acid dragon but does no damage.
The steam dragon breathes steam at you. The ball of steam hits you!
You die...

Skill      XL: |  1  2  3  4  5  6  7  8  9 |
---------------+----------------------------+-----
Armour         | 1 2 3 4 5 7 |  7.5
Fighting       | 3 4 5 6 8 |  8.8
Long Blades    | 4 5 7 8 |  8.9
Throwing       | |  1.7
Dodging        | |  2.6

Action                     |  1- 3 |  4- 6 |  7- 9 | 10-12 || total
---------------------------+-------+-------+-------+-------++-------
  Melee: Long sword        |    89 |   122 |   215 |    37 ||   463
         Rapier            |       |    61 |   220 |    42 ||   323
Ability: Lunge             |       |       |    11 |     3 ||    14
         Whirlwind         |       |       |    12 |    27 ||    39
    Use: Potion            |       |       |     2 |     1 ||     3
         Scroll            |       |       |       |    10 ||    10
   Stab: Sleeping          |     1 |       |       |       ||     1
 Armour: Leather armour    |    38 |       |       |       ||    38
         Scale mail        |       |    79 |   211 |    55 ||   345
         Skin              |       |       |     4 |       ||     4
  Dodge: Dodged            |    72 |    71 |   138 |    45 ||   326

Levels and vault maps discovered:
D:1:      dpeg_arrival_stonehenge_8_columns, layout_loops_corners,
          kennysheep_pointless_box, hangedman_feature_mirror
D:2:      layout_loops_ring
D:3:      layout_loops_ring, nicolae_overflow_macrodata_refinement,
          hangedman_decor_growths, uniq_jessica
D:4:      layout_gridville, kiku_gazebo_garden_becter, st_stairs_4
D:5:      layout_basic, mainiacjoe_overflow_tiny_flanked,
          nzn_hepliaklqana_mist_gate, minmay_temple_entry_butterflies,
          serial_rivers, chequers_serial_rivers_micro_e,
          chequers_serial_rivers_room_b, chequers_serial_rivers_micro_c,
          chequers_serial_rivers_room_a, minmay_shop_grid_forest,
          minmay_fractal_squares_diagonal_5, uniq_sigmund
D:6:      layout_loops_cross, gammafunk_ghost_arena, serial_glass,
          glass_columns_b, glass_columns_a, glass_columns_a, glass_columns_a,
          glass_columns_b, glass_columns_a
D:7:      layout_gridville, nicolae_overflow_crystal_walls,
          nemelex_spade_bored_becter, serial_shops, shop,
          corexii_hall_statues_i, dreamdust_princess_corridor
D:8:      layout_rooms
D:9:      layout_gridville, good_gods_mini_temple, lemuel_doored_altar,
          due_lair_maze_entry_diamond, nicolae_shop_gadgets
Temple:   corrupted_temple

Notes
Turn   | Place    | Note
-------+----------+-------------------------------------------
     0 | D:1      | cforsyth the Coglin Gladiator began the quest for the Orb.
     0 | D:1      | Reached XP level 1. HP: 16/16 MP: 1/1
   132 | D:1      | Reached XP level 2. HP: 22/22 MP: 2/2
   207 | D:1      | Reached skill level 1 in Armour
   266 | D:1      | Reached XP level 3. HP: 28/28 MP: 3/3
   792 | D:1      | Reached XP level 4. HP: 34/34 MP: 4/4
   968 | D:2      | Reached skill level 3 in Fighting
  1331 | D:2      | Reached skill level 2 in Armour
  1668 | D:3      | Reached XP level 5. HP: 41/41 MP: 5/5
  1701 | D:3      | Reached skill level 4 in Long Blades
  2027 | D:3      | Noticed Jessica
  2030 | D:3      | Killed Jessica
  2109 | D:3      | Found a hide-covered altar of Uskayaw.
  2109 | D:3      | Found a sacrificial altar of Ru.
  2116 | D:3      | Found an opulent altar of Gozag.
  2121 | D:3      | Found a blossoming altar of Fedhas.
  2246 | D:4      | Reached XP level 6. HP: 42/48 MP: 4/6
  2284 | D:4      | Reached skill level 4 in Fighting
  2524 | D:4      | Reached skill level 3 in Armour
  2649 | D:4      | Found an ancient bone altar of Kikubaaqudgha.
  2705 | D:4      | Reached skill level 5 in Long Blades
  2705 | D:4      | Reached XP level 7. HP: 49/55 MP: 5/7
  2716 | D:4      | HP: 8/82 [burnt (3)]
  3325 | D:5      | Entered Level 5 of the Dungeon
  3325 | D:5      | Found Duerocso's Distillery.
  3325 | D:5      | Found Qyineosch's Antique Weapon Emporium.
  3332 | D:5      | Found Hypaxtoc's Jewellery Emporium.
  3332 | D:5      | Found Fiode's Antique Weapon Emporium.
  3354 | D:5      | Bought a fading dagger for 133 gold pieces
  3354 | D:5      | Identified the +1 dagger of Ignis's Generosity {spect,
                  | rElec rF+ Dex+2 Stlth+} (You bought it in a shop on level 5
                  | of the Dungeon)
  3383 | D:5      | Reached skill level 5 in Fighting
  3403 | D:5      | Reached skill level 4 in Armour
  3448 | D:5      | Reached XP level 8. HP: 52/63 MP: 8/8
  3745 | D:5      | Reached skill level 6 in Long Blades
  3828 | D:5      | Found a staircase to the Ecumenical Temple.
  3868 | D:5      | Found a hazy altar of Hepliaklqana.
  3869 | D:5      | Noticed Sigmund
  3887 | Temple   | Entered the Ecumenical Temple
  3998 | D:5      | Killed Sigmund
  4084 | D:5      | Found an ornate altar of the Wu Jian Council.
  4369 | D:5      | Became a worshipper of the Wu Jian Council
  4467 | D:5      | Reached skill level 6 in Fighting
  4540 | D:5      | Reached skill level 5 in Armour
  4563 | D:6      | Found a transporter.
  4566 | D:6      | Noticed superpeng's ghost (weakling FoDe)
  4569 | D:6      | Noticed a manticore
  4628 | D:6      | Found a transporter.
  4952 | D:6      | Reached skill level 7 in Long Blades
  4967 | D:6      | Reached XP level 9. HP: 71/71 MP: 9/9
  5364 | D:7      | Reached * piety under Wu Jian
  5365 | D:7      | Reached skill level 7 in Fighting
  5504 | D:7      | Found a sparkling altar of Nemelex Xobeh.
  5557 | D:7      | Reached skill level 6 in Armour
  5624 | D:7      | Found Suppej's General Store.
  5631 | D:7      | Bought a scroll of summoning for 114 gold pieces
  5969 | D:7      | Found an iron altar of Okawaru.
  6646 | D:8      | Reached skill level 8 in Long Blades
  6768 | D:8      | Reached ** piety under Wu Jian
  6780 | D:8      | Reached skill level 8 in Fighting
  7010 | D:8      | Noticed a two-headed ogre
  7016 | D:8      | Killed a two-headed ogre
  7017 | D:8      | Reached skill level 7 in Armour
  7017 | D:8      | Reached XP level 10. HP: 49/82 MP: 6/10
  7637 | D:9      | Found a bloodstained altar of Trog.
  7682 | D:9      | Killed from afar by a steam dragon

Vanquished Creatures
  A two-headed ogre (D:8)
  Sigmund (D:5)
  2 wyverns
  An orc warrior (D:9)
  A black bear (D:5)
  A sky beast (D:7)
  An ogre (D:5)
  2 phantoms (D:7)
  4 centaurs
  5 bullfrogs
  3 scorpions (D:6)
  A wight (D:5)
  5 killer bees (D:8)
  A howler monkey (D:9)
  5 bombardier beetles
  3 gnoll boudas
  7 hounds
  3 orc priests
  3 sleepcaps
  Jessica (D:3)
  7 iguanas
  3 orc wizards
  7 adders
  13 gnolls
  2 shadow imps
  A white imp (D:6)
  2 ufetubi (D:6)
  2 ribbon worms
  2 dart slugs
  25 orcs
  7 ball pythons
  7 endoplasms
  6 giant cockroaches
  9 goblins
  8 hobgoblins
  6 jackals
  8 kobolds
  4 quokkas
  7 bats
  2 frilled lizards (D:1)
  7 rats
186 creatures vanquished.

Table legend: (Time is in decaauts)
 A = Elapsed time spent in this place.
 B = Non-inter-level travel time spent in this place.
 C = Inter-level travel time spent in this place.
 D = Time resting spent in this place.
 E = Time spent auto-exploring this place.
 F = Levels seen in this place.
 G = Mean time per level.
                   A        B        C        D        E       F      G
               +--------+--------+--------+--------+--------+-----+--------+
         Total |   7727 |   7388 |    339 |    317 |   5826 |  10 |  772.7 |
       Dungeon |   7623 |   7284 |    339 |    217 |   5826 |   9 |  847.0 |
        Temple |    104 |    104 |      0 |    100 |      0 |   1 |  104.0 |
               +--------+--------+--------+--------+--------+-----+--------+

Top non-repeatable levels by time:
     D:7: 1199 daAuts
     D:4: 1119 daAuts
     D:5: 1118 daAuts
     D:8: 1053 daAuts
     D:1: 978 daAuts
     D:6: 814 daAuts
     D:2: 686 daAuts
     D:3: 583 daAuts
  Temple: 104 daAuts
     D:9: 69 daAuts

Table legend:
 A = Non-vault XP
 B = Vault XP
 C = Vault XP percentage of total XP
 D = Non-vault monster count
 E = Vault monster count
 F = Vault count percentage of total count
                 A         B        C        D         E       F
            +---------+---------+-------+---------+---------+-------
      Total |    4724 |    1046 |  18.1 |     170 |      16 |   8.6
            +---------+---------+-------+---------+---------+-------
        D:1 |      81 |       5 |   5.8 |      30 |       2 |   6.2
        D:2 |      74 |       0 |   0.0 |      22 |       0 |   0.0
        D:3 |      89 |      38 |  29.9 |       9 |       1 |  10.0
        D:4 |     363 |      52 |  12.5 |      27 |       2 |   6.9
        D:5 |     442 |     632 |  58.8 |      22 |       8 |  26.7
        D:6 |     754 |       0 |   0.0 |      20 |       0 |   0.0
        D:7 |     970 |       0 |   0.0 |      24 |       0 |   0.0
        D:8 |    1599 |       0 |   0.0 |      13 |       0 |   0.0
        D:9 |     352 |     319 |  47.5 |       3 |       3 |  50.0
            +---------+---------+-------+---------+---------+-------
